 Dungeon Crawl Stone Soup version 0.24.1-14-gf8d2b509d9 (console) character file.

Game seed: 13566846148286632628, levelgen mode: deterministic

919 Kagalorn the Skirmisher (level 7, 0/60 HPs)
             Began as a Minotaur Wanderer on July 16, 2020.
             Was an Initiate of Cheibriados.
             Slain by an orc wizard
             ... wielding a +0 dagger
              (2 damage)
             ... on level 5 of the Dungeon.
             The game lasted 00:11:36 (5420 turns).

Kagalorn the Skirmisher (Minotaur Wanderer)         Turns: 5420, Time: 00:11:38

Health: 0/60       AC:  8    Str: 24    XL:     7   Next: 83%
Magic:  11/11      EV: 12    Int: 15    God:    Cheibriados [......]
Gold:   226        SH:  0    Dex:  9    Spells: 12/13 levels left

rFire    . . .     SeeInvis .   a - +1 war axe
rCold    . . .     Gourm    .   (no shield)
rNeg     . . .     Faith    .   l - +0 ring mail
rPois    .         Spirit   .   (helmet restricted)
rElec    .         Reflect  .   (no cloak)
rCorr    .         Harm     .   y - +1 pair of gloves
MR       .....     Rnd*Tele +   (no boots)
Stlth    ..........             (no amulet)
HPRegen  0.20/turn              i - +3 ring of intelligence
MPRegen  0.12/turn              G - ring of teleportation (curse)

@: mighty, flying, very slow
A: retaliatory headbutt, horns 2
a: Bend Time, Renounce Religion


You were on level 5 of the Dungeon.
You worshipped Cheibriados.
Cheibriados was noncommittal.
You were not hungry.

You visited 2 branches of the dungeon, and saw 6 of its levels.

You collected 226 gold pieces.

Inventory:

Hand Weapons
 a - a +1 war axe (weapon)
Missiles
 d - 5 curare-tipped darts
 h - 125 arrows
 k - 124 stones
 s - 23 bolts
 t - 14 poisoned darts
 C - 6 javelins (quivered)
Armour
 l - a +0 ring mail (worn)
 y - a +1 pair of gloves (worn)
Jewellery
 i - a +3 ring of intelligence (left hand)
 x - an uncursed ring of protection from cold
 G - a cursed ring of teleportation (right hand)
Scrolls
 b - a scroll of magic mapping {unknown}
 c - 6 scrolls of teleportation
 g - a scroll of noise {unknown}
 n - a scroll of amnesia {unknown}
 o - a scroll of remove curse {unknown}
 v - a scroll of fog {unknown}
 z - a scroll of random uselessness {unknown}
 B - a scroll of enchant armour
 E - a scroll of blinking {unknown}
Potions
 j - a potion of invisibility {unknown}
 m - 2 potions of flight
 p - a potion of haste
 q - a potion of might
 r - 2 potions of resistance {unknown}
 u - a potion of lignification {unknown}
 w - 2 potions of ambrosia {unknown}
 A - a potion of curing {unknown}
 D - a potion of cancellation
 F - a potion of brilliance
Miscellaneous
 e - a box of beasts
Comestibles
 f - 6 rations
 I - a chunk of flesh


   Skills:
 + Level 4.9 Fighting
 + Level 3.6(3.7) Axes
   Level 1.2(2.6) Polearms
 + Level 4.5 Armour
 + Level 4.4 Dodging
 + Level 3.5 Spellcasting
   Level 1.2 Charms
 + Level 1.1 Invocations
 - Level 2.0 Evocations


You had 12 spell levels left.
You knew the following spells:

 Your Spells              Type           Power        Failure   Level  Hunger
a - Freeze                Ice            #...         28%         1    None

Your spell library contained the following spells:

 Spells                   Type           Power        Failure   Level  Hunger
 Ozocubu's Armour         Chrm/Ice       #.......     54%         3    ###....


Dungeon Overview and Level Annotations

Branches:
Dungeon (5/15)             Temple (1/1) D:4

Altars:
Ashenzari
Cheibriados
Dithmenos
Elyvilon
Fedhas
Gozag
Hepliaklqana
Kikubaaqudgha
Makhleb
Nemelex Xobeh
Okawaru
Qazlal
Sif Muna
Uskayaw
Vehumet
Wu Jian
Xom
Yredelemnul
Zin
The Shining One

Shops:
D:5 [


Innate Abilities, Weirdness & Mutations

You reflexively headbutt those who attack you in melee.
You have a pair of horns on your head.


Message History

* * * LOW HITPOINT WARNING * * *
The orc priest mumbles some strange prayers to Beogh against you.
Beogh smites you!
* * * LOW HITPOINT WARNING * * *
The orc closely misses you.
The orc wizard hits you but does no damage.
It was a potion of flight.
You feel very buoyant.
You fly up into the air.
The orc priest hits you but does no damage.
The orc priest barely misses you. The orc closely misses you.
The orc wizard hits you with a +0 dagger.
* * * LOW HITPOINT WARNING * * *
It was a potion of might.
You feel very mighty all of a sudden. The orc priest closely misses you.
The orc priest hits you with a +0 dagger.
* * * LOW HITPOINT WARNING * * *
The orc wizard hits you with a +0 dagger.
You die...

$........
####..#...
#..##.. #..#
#.. .# ##..##
#..<..#
##.......
#@)...###
#.....ooo...#∩#
#.......o...#
#.........#...#
##.......## ###
##....### #####
##..# ##...##
##. ##.....##
##(8...8.##


You could see 2 orc priests, an orc wizard and an orc.

Vanquished Creatures
  Grinder (D:4)
  Eustachio (D:3)
  A phantom (D:5)
  A crimson imp (D:5)
  A bullfrog zombie (D:5)
  An orc priest (D:3)
  A hound (D:3)
  4 orc wizards (D:4)
  3 worker ants
  Robin (D:4)
  4 gnolls
  4 adders
  An ooze (D:1)
  4 worms
  2 dart slugs
  2 leopard geckos (D:1)
  18 orcs
  A ball python (D:3)
  7 bats
  A giant cockroach (D:4)
  11 goblins
  6 hobgoblins
  5 jackals
  A quokka (D:5)
  6 frilled lizards
  A jackal skeleton (D:4)
  9 kobolds
  6 rats
  A plant (D:1)
105 creatures vanquished.

Notes
Turn   | Place    | Note
-------+----------+-------------------------------------------
     0 | D:1      | Kagalorn the Minotaur Wanderer began the quest for the Orb.
     0 | D:1      | Kagalorn set off with the following items: a +0 club, a
                  | scroll of teleportation, a +0 robe, a box of beasts, a
                  | ration; and the following spell memorised: Freeze; and the
                  | following spells available to memorise: Ozocubu's Armour
     0 | D:1      | Reached XP level 1. HP: 16/16 MP: 2/2
   313 | D:1      | Reached XP level 2. HP: 22/23 MP: 4/4
   429 | D:1      | Reached skill level 1 in Armour
   889 | D:2      | Reached XP level 3. HP: 26/29 MP: 5/5
  1072 | D:2      | Found a burning altar of Makhleb.
  1429 | D:3      | Reached XP level 4. HP: 28/37 MP: 6/6
  2272 | D:3      | Reached XP level 5. HP: 9/45 MP: 8/8
  2546 | D:3      | Found a glowing silver altar of Zin.
  2794 | D:3      | Found an ancient bone altar of Kikubaaqudgha.
  3401 | D:4      | Noticed Robin
  3409 | D:4      | Reached skill level 1 in Axes
  3473 | D:4      | Killed Robin
  3569 | D:4      | Reached XP level 6. HP: 21/51 MP: 9/9
  3831 | D:4      | Noticed Grinder
  3847 | D:4      | Killed Grinder
  3847 | D:4      | Reached XP level 7. HP: 32/59 MP: 10/10
  3951 | D:4      | Noticed Eustachio
  4037 | D:3      | Killed Eustachio
  4364 | D:4      | Found a staircase to the Ecumenical Temple.
  4370 | Temple   | Entered the Ecumenical Temple
  4587 | Temple   | Became a worshipper of Cheibriados the Contemplative
  5010 | D:4      | Found a faded altar of an unknown god.
  5010 | D:4      | Found a sparkling altar of Nemelex Xobeh.
  5015 | D:4      | Found a faded altar of an unknown god.
  5017 | D:4      | Found an ornate altar of the Wu Jian Council.
  5019 | D:4      | Found a basalt altar of Yredelemnul.
  5077 | D:5      | Entered Level 5 of the Dungeon
  5412 | D:5      | Reached skill level 1 in Invocations
  5416 | D:5      | Found Fufy Rebluy's Armour Shoppe.
  5419 | D:5      | HP: 3/60 [orc wizard/+0 dagger (2)]
  5420 | D:5      | Slain by an orc wizard

Levels and vault maps discovered:
D:1:      kennysheep_arrival_forest, layout_rooms, serial_forest,
          infiniplex_forest_lined_3_way, infiniplex_forest_end_double,
          infiniplex_forest_lined_corner, infiniplex_forest_lined_4_way,
          infiniplex_forest_clump_curved, infiniplex_forest_lined_3,
          infiniplex_forest_straight_2, infiniplex_forest_clump_medium
D:2:      layout_basic, nicolae_overflow_hidden_temple
D:3:      layout_basic, old_standard_altar, lemuel_crystal_altar
D:4:      layout_basic, chequers_temple_overflow_minitemple,
          minmay_temple_entry_enclosed_plants, uniq_robin, uniq_eustachio,
          uniq_grinder
D:5:      corexii_shack_village, layout_layer_cave, lemuel_doored_altar,
          first_ration, serial_shops, nicolae_shop_window_shopping,
          wad_floor_pattern_untrapped, minmay_misc_feat_enclosed
Temple:   eino_temple_water

Skill      XL: |  1  2  3  4  5  6  7 |
---------------+----------------------+-----
Evocations     | 2 |  2.0
Armour         | 1 2 3 4 |  4.5
Fighting       | 2 3 4 |  4.9
Dodging        | 2 3 4 |  4.4
Axes           | 1 2 3 |  3.6
Spellcasting   | 3 |  3.5
Invocations    | 1 |  1.1
Polearms       | |  1.2
Charms         | |  1.2

Action                   |  1- 3 |  4- 6 |  7- 9 || total
-------------------------+-------+-------+-------++-------
Melee: Club              |     8 |       |       ||     8
       Whip              |   123 |   103 |       ||   226
       Headbutt          |    24 |    21 |     9 ||    54
       Hand axe          |       |   107 |    23 ||   130
       War axe           |       |       |    48 ||    48
Throw: Javelin           |       |     7 |       ||     7
  Use: Scroll            |       |       |     5 ||     5
       Potion            |       |       |     2 ||     2
  Eat: Chunk             |     1 |     4 |       ||     5
       Ration            |       |     1 |     2 ||     3
Armor: Robe              |    12 |       |       ||    12
       Ring mail         |    14 |    72 |    30 ||   116
Dodge: Dodged            |    55 |   145 |    60 ||   260
